 Dungeon Crawl Stone Soup version 0.24.0-13-gcf9b319 (webtiles) character file.

Game seed: 10280030948537969024, levelgen mode: deterministic

121 Bronimir the Slasher (level 4, -3/37 HPs)
             Began as a Centaur Warper on Mar 31, 2020.
             Killed from afar by Natasha (8 damage)
             ... with a magic dart
             ... on level 2 of the Dungeon.
             The game lasted 00:03:55 (2245 turns).

Bronimir the Slasher (Centaur Warper)               Turns: 2245, Time: 00:03:55

Health: -3/37      AC:  4    Str: 15    XL:     4   Next: 76%
Magic:  4/6        EV:  9    Int: 12    God:
Gold:   58         SH:  0    Dex:  8    Spells: 2/6 levels left

rFire    . . .     SeeInvis .   a - +0 falchion
rCold    . . .     Gourm    .   (no shield)
rNeg     . . .     Faith    .   h - +0 leather armour
rPois    .         Spirit   .   (no helmet)
rElec    .         Reflect  .   (no cloak)
rCorr    .         Harm     .   (no gloves)
MR       .....                  (no barding)
Stlth    ..........             (no amulet)
HPRegen  0.12/turn              (no ring)
MPRegen  0.10/turn              (no ring)

@: slowed
A: large, hooves 3, deformed body, speed 2, tough skin 3
a: no special abilities


You were on level 2 of the Dungeon.
You were very hungry.

You visited 1 branch of the dungeon, and saw 2 of its levels.

You collected 58 gold pieces.

Inventory:

Hand Weapons
 a - a +0 falchion (weapon)
 b - a +0 hunting sling
 n - a +0 spear
Missiles
 c - 14 arrows
Armour
 h - a +0 leather armour (worn)
Scrolls
 d - a scroll of blinking
 g - a scroll of identify {unknown}
 i - a scroll of remove curse {unknown}
 k - a scroll of amnesia {unknown}
 l - a scroll of enchant armour {unknown}
 m - a scroll of fog {unknown}
Potions
 e - 2 potions of mutation {unknown}
 j - a potion of brilliance {unknown}
Comestibles
 f - 2 rations


   Skills:
 + Level 2.4 Fighting
 * Level 3.5 Long Blades
 + Level 1.1 Throwing
 + Level 1.1 Armour
 * Level 1.7 Dodging
 + Level 1.7 Spellcasting
 + Level 0.1 Charms
 * Level 3.0 Translocations


You had 2 spell levels left.
You knew the following spells:

 Your Spells              Type           Power        Failure   Level  Hunger
a - Blink                 Tloc           N/A          16%         2    ###....
b - Shroud of Golubria    Chrm/Tloc      #.....       26%         2    ###....

Your spell library contained the following spells:

 Spells                   Type           Power        Failure   Level  Hunger
 Gell's Gravitas          Tloc           #.........   30%         3    ####...
 Lesser Beckoning         Tloc           #.........   30%         3    ####...
 Teleport Other           Tloc           #.......     30%         3    ####...
 Passage of Golubria      Tloc           N/A          69%         4    #####..


Dungeon Overview and Level Annotations

Branches:
Dungeon (2/15)

Altars:

Annotations:
D:2 Natasha


Innate Abilities, Weirdness & Mutations

You have hooves in place of feet.
Armour fits poorly on your strangely shaped body.
You cover ground very quickly.
You have extremely tough skin. (AC +3)


Message History

Natasha casts a spell at you.
You feel yourself slow down. The white imp gestures at you.
The puff of frost hits you!
The white imp shouts, "Remove thy stench, thou grime-gilt hell-hated hack!"
You slash the giant cockroach!
You kill the giant cockroach!
Natasha zaps a wand.
The puff of flame misses you. The white imp gestures at you.
The puff of frost hits you.
Natasha zaps a wand.
The puff of flame hits you.
* * * LOW HITPOINT WARNING * * *
Natasha extends her claws.
Natasha drinks a potion.
Natasha flickers and vanishes!
Deactivating autopickup; reactivate with Ctrl-A.
The white imp gestures at you. The puff of frost hits you.
* * * LOW HITPOINT WARNING * * *
A magic dart appears from out of thin air!
The magic dart hits you!
You die...

#..............# .#
#....).......... ..##
###..###.<.....# ...##
#...###..###(..#
.##..###[#####.## ###.# ##
.....##..##....# #.# ..#
###........#### #.#
#..###...........########..
####...#....@#####......##...
....##..#....##########....##
#....#.............####..###
#........#..######..........
#...........## ##.........
#......(.....# #.........
#..........5.########...####
#...((..............#...#
###.....>......#.......##


You could see a white imp.

Vanquished Creatures
  Natasha (D:2)
  3 gnolls (D:2)
  2 adders (D:2)
  3 worms (D:2)
  2 leopard geckos (D:2)
  3 giant cockroaches
  4 goblins
  4 hobgoblins
  3 jackals
  A quokka (D:2)
  4 bats
  2 frilled lizards
  5 kobolds
  3 rats
40 creatures vanquished.

Notes
Turn   | Place    | Note
-------+----------+-------------------------------------------
     0 | D:1      | Bronimir the Centaur Warper began the quest for the Orb.
     0 | D:1      | Reached XP level 1. HP: 17/17 MP: 3/3
   454 | D:1      | Reached XP level 2. HP: 23/24 MP: 4/4
   483 | D:1      | Learned a level 2 spell: Blink
   486 | D:1      | Learned a level 2 spell: Shroud of Golubria
   776 | D:2      | Reached skill level 1 in Armour
  1108 | D:2      | Reached XP level 3. HP: 24/29 MP: 5/5
  1699 | D:2      | Reached XP level 4. HP: 26/37 MP: 3/6
  2210 | D:2      | Noticed Natasha
  2230 | D:2      | Killed Natasha
  2233 | D:2      | Noticed Natasha
  2245 | D:2      | Killed from afar by Natasha

Levels and vault maps discovered:
D:1:      minmay_arrival_radiant_lines, layout_loops_ring
D:2:      layout_rooms, first_ration, uniq_natasha

Skill      XL: |  1  2  3  4 |
---------------+-------------+-----
Long Blades    | 2 3 |  3.5
Armour         | 1 |  1.1
Translocations | 3 |  3.0
Fighting       | |  2.4
Throwing       | |  1.1
Dodging        | |  1.7
Spellcasting   | |  1.7
Charms         | |  0.1

Action                   |  1- 3 |  4- 6 || total
-------------------------+-------+-------++-------
Melee: Falchion          |    87 |    53 ||   140
       Kick              |    13 |    11 ||    24
Throw: Boomerang         |     5 |       ||     5
 Cast: Shroud of Golubri |     1 |     5 ||     6
  Eat: Chunk             |     1 |     2 ||     3
Armor: Leather armour    |    36 |    16 ||    52
Dodge: Dodged            |    50 |    35 ||    85
       Rpst.: Falchion   |    16 |     9 ||    25
